 Dungeon Crawl Stone Soup version 0.26.1-2-gb8aa6d0cf2 (webtiles) character file.

Game seed: 11125442301356206447

116 Marvel the Cudgeller (level 4, -5/45 HPs)
             Began as a Troll Berserker on Mar 6, 2021.
             Was a Believer of Trog.
             Hit by a boomerang thrown by an orc warrior (9 damage)
             ... on level 2 of the Dungeon.
             The game lasted 00:02:35 (1989 turns).

Marvel the Cudgeller (Troll Berserker)              Turns: 1989, Time: 00:02:36

Health: -5/45      AC:  6    Str: 26    XL:     4   Next: 70%
Magic:  3/3        EV: 10    Int:  3    God:    Trog [**....]
Gold:   156        SH:  0    Dex:  9    Spells: 3/3 levels left

rFire    . . .     SeeInvis .   a - +0 mace
rCold    . . .     Faith    .   (no shield)
rNeg     . . .     Spirit   .   b - +0 animal skin
rPois    .         Reflect  .   (helmet restricted)
rElec    .         Harm     .   (no cloak)
rCorr    .         Rampage  .   (gloves unavailable)
Will     .....                  (boots unavailable)
Stlth    +.........             (no amulet)
HPRegen  0.55/turn              (no ring)
MPRegen  0.08/turn              (no ring)

@: brilliant
A: large, unfitting armour, claws 3, regeneration 1, shaggy fur 1, tough skin 3
a: Renounce Religion, Berserk, Trog's Hand


You were on level 2 of the Dungeon.
You worshipped Trog.
Trog was pleased with you.
You visited 1 branch of the dungeon, and saw 3 of its levels.

You collected 156 gold pieces.

Inventory:

Hand Weapons
 a - a +0 mace (weapon)
 g - a +4 dagger
Armour
 b - a +0 animal skin (worn)
Scrolls
 c - a scroll of amnesia {unknown}
 d - 3 scrolls of random uselessness {unknown}
 e - a scroll of immolation {unknown}
 h - a scroll of noise {unknown}
 l - 3 scrolls of identify {unknown}
 p - a scroll of remove curse {unknown}
 q - a scroll of magic mapping {unknown}
Potions
 f - a potion of brilliance
 i - a potion of ambrosia {unknown}
 j - a potion of attraction {unknown}
 k - a potion of mutation {unknown}
 m - a potion of cancellation {unknown}
 n - a potion of berserk rage {unknown}
 o - a potion of degeneration {unknown}


   Skills:
 + Level 3.0 Fighting
 + Level 4.4 Maces & Flails
 - Level 2.6 Dodging
 + Level 0.1 Stealth


You had 3 spell levels left.
You didn't know any spells.
Your spell library was empty.

Dungeon Overview and Level Annotations

Branches:
Dungeon (3/15)

Altars:


Innate Abilities, Weirdness & Mutations

You are too large for most types of armour.
You have claws for hands.
Your natural rate of healing is unusually fast.
You are covered in fur. (AC +1)
You have extremely tough skin. (AC +3)


Message History

You hit the orc warrior.
The orc warrior is lightly wounded.
The orc warrior hits you with a +0 hand axe.
You hit the orc warrior.
The orc warrior is moderately wounded.
The orc warrior hits you with a +0 hand axe!!
You are too injured to fight recklessly!
You are too injured to fight recklessly!
You are too injured to fight recklessly!
You are too injured to fight recklessly!
You are too injured to fight recklessly!
You are too injured to fight recklessly!
You are too injured to fight recklessly!
It was a potion of brilliance.
You feel clever all of a sudden.
The orc warrior hits you with a +0 hand axe!
* * * LOW HITPOINT WARNING * * *
Okay, then.
The orc warrior throws a boomerang.
The boomerang hits you!
You die...

.# #.###.#.##..≈≈≈≈_♣≈≈≈..#
.#######.##.###....≈≈≈≈♣≈≈≈≈..#
.........###.#.##.≈≈≈≈≈≈≈≈≈≈..#
########.# ##.###.≈≈≈≈≈≈≈≈≈≈≈.#
#.# ### #..≈≈≈≈≈≈≈≈≈≈≈# #.#
#..≈...≈≈.≈.≈.# #.#
#.≈≈..≈..≈≈...# #
########.########...........###
# ................@..o<...#####
# ##################...>.## #
##...## # ##.############
#............. ##############


You could see an orc warrior.

Vanquished Creatures
  A worker ant (D:2)
  4 adders (D:2)
  An adder skeleton (D:2)
  A worm (D:2)
  A dart slug (D:1)
  A leopard gecko (D:2)
  3 ball pythons
  3 giant cockroaches
  5 goblins
  4 hobgoblins
  3 jackals (D:1)
  A quokka (D:2)
  6 bats
  7 frilled lizards
  5 kobolds
  7 rats
53 creatures vanquished.

Notes
Turn   | Place    | Note
-------+----------+-------------------------------------------
     0 | D:1      | Marvel the Troll Berserker began the quest for the Orb.
     0 | D:1      | Reached XP level 1. HP: 22/22 MP: 0/0
   122 | D:1      | Reached XP level 2. HP: 29/29 MP: 1/1
   133 | D:1      | Reached skill level 3 in Maces & Flails
   731 | D:1      | Reached XP level 3. HP: 33/36 MP: 2/2
   845 | D:1      | Reached ** piety under Trog
  1247 | D:2      | Found a faded altar of an unknown god.
  1340 | D:2      | Reached skill level 4 in Maces & Flails
  1340 | D:2      | Reached XP level 4. HP: 44/44 MP: 3/3
  1838 | D:3      | Noticed an orc warrior
  1985 | D:2      | HP: 2/45 [orc warrior/+0 hand axe (16)]
  1989 | D:2      | Hit by a boomerang thrown by an orc warrior

Illustrated notes

Levels and vault maps discovered:
D:1:      ncdulo_wetmaze, layout_loops_corners, minivault_23, st_stairs_2,
          minmay_quantized
D:2:      layout_loops_ring, chequers_ecumenical_altar_island, amethyst_killhole
D:3:      layout_basic

Skill      XL: |  1  2  3  4 |
---------------+-------------+-----
Maces & Flails | 3 4 |  4.4
Fighting       | 3 |  3.0
Dodging        | |  2.6
Stealth        | |  0.1

Action                   |  1- 3 |  4- 6 || total
-------------------------+-------+-------++-------
Melee: Mace              |   139 |    62 ||   201
  Use: Potion            |       |     1 ||     1
Armor: Animal skin       |    73 |    20 ||    93
Dodge: Dodged            |    99 |    41 ||   140
